Map: Deathaura LE

Players

Elazer

  • Race: Zerg Zerg
  • Spawn Location: 5:00

Armani - Winner!

  • Race: Zerg Zerg
  • Spawn Location: 11:00

Event: IEM Katowice 2021

VOD

Have the link to the VOD?

Description

Time

  • Played on: Feb. 20, 2021, 12:46 p.m.
  • Length: 11:41

All games in this series

Show
View Real Time Build Order
Export as new Build Order

Elazer Zerg 

Build Orders: Hatch First 

Get SALT Encoding   

  12  0:00  Drone  
  13  0:12  Overlord  
  13  0:17  Drone  
  14  0:30  Drone x2  
  16  0:47  Hatchery  
  15  0:50  Drone  
  15  0:54  Drone  
  17  0:57  Drone  
  18  1:08  Extractor  
  17  1:12  Spawning Pool  
  17  1:15  Drone  
  17  1:19  Drone  
  18  1:28  Drone  
  19  1:39  Drone  
  20  1:51  Drone  
  21  1:59  Queen x2  
  21  2:00  Drone  
  26  2:04  Overlord  
  26  2:12  Drone x2, Metabolic Boost  
  28  2:23  Drone x2  
  30  2:34  Hatchery  
  30  2:35  Zergling x2  
  30  2:37  Drone  
  31  2:44  Drone  
  31  2:45  Drone  
  33  2:53  Baneling Nest, Overlord  
  33  2:56  Drone  
  33  3:04  Drone  
  33  3:05  Drone  
  35  3:07  Overlord  
  35  3:08  Drone  
  35  3:12  Zergling x8  
  40  3:17  Queen  
  42  3:20  Drone  
  42  3:22  Drone  
  44  3:27  Lair  
  44  3:31  Drone x2  
  46  3:37  Extractor  
  46  3:40  Drone x3  
  48  3:45  Drone x4  
  52  3:50  Overlord  
  52  3:55  Zergling x2  
  53  3:59  Zergling x2  
  53  4:00  Drone  
  53  4:02  Drone  
  56  4:07  Drone  
  56  4:08  Drone  
  58  4:15  Extractor, Drone x3  
  58  4:16  Drone  
  61  4:19  Evolution Chamber, Overlord  
  61  4:21  Drone  
  61  4:29  Drone  
  61  4:30  Extractor, Spire  
  59  4:35  Drone x2  
  59  4:36  Drone x3  
  64  4:40  Drone  
  64  4:41  Overlord  
  65  4:46  Overlord, Zerg Melee Weapons Level 1  
  65  4:49  Overlord  
  65  4:59  Overlord  
  65  5:00  Extractor  
  65  5:01  Extractor  
  65  5:02  Drone x4  
  65  5:03  Drone  
  65  5:04  Overlord  
  65  5:06  Drone  
  69  5:15  Overlord x2  
  68  5:35  Spine Crawler  
  66  5:41  Mutalisk x3  
  66  5:42  Mutalisk x4  
  80  5:44  Zergling x12  
  86  5:50  Mutalisk, Overlord  
  86  5:53  Zergling x4  
  90  5:57  Evolution Chamber  
  90  5:59  Mutalisk  
  91  6:05  Mutalisk  
  91  6:06  Mutalisk, Spine Crawler  
  91  6:08  Zergling x10, Spine Crawler  
  98  6:11  Overlord  
  98  6:14  Spine Crawler  
  98  6:15  Mutalisk  
  94  6:25  Mutalisk x2  
  93  6:31  Zergling x16  
  101  6:38  Mutalisk x2  
  102  6:41  Overlord  
  101  6:48  Zerg Flyer Weapons Level 1  
  101  6:58  Mutalisk  
  101  7:00  Overlord  
  103  7:04  Mutalisk  
  105  7:08  Overseer  
  105  7:09  Mutalisk  
  105  7:12  Zergling x14  
  105  7:15  Mutalisk  
  108  7:25  Mutalisk  
  108  7:34  Overlord  
  108  7:35  Mutalisk  
  107  7:41  Mutalisk  
  103  7:49  Zergling x10  
  103  7:53  Queen  
  105  8:00  Mutalisk x2  
  109  8:08  Overlord  
  101  8:16  Mutalisk x2  
  85  8:33  Mutalisk  
  87  8:40  Mutalisk  
  89  8:43  Zergling x6  
  92  8:48  Hatchery  
  92  8:51  Spine Crawler  
  92  8:52  Spine Crawler  
  92  8:54  Mutalisk  
  92  8:55  Mutalisk  
  93  9:01  Spine Crawler  
  92  9:03  Spine Crawler  
  92  9:04  Mutalisk  
  91  9:12  Mutalisk  
  93  9:18  Zergling x12  
  99  9:30  Mutalisk x2  
  94  9:44  Mutalisk  
  95  9:52  Mutalisk  
  91  9:54  Zergling x16  
  90  10:07  Zergling x8  
  89  10:17  Drone x2  
  89  10:18  Mutalisk x2  
  88  10:32  Mutalisk x2  
  90  10:40  Drone x2  
  92  10:49  Mutalisk  
  90  10:51  Zergling x6  
  90  11:05  Drone x3  
  92  11:13  Mutalisk  
Show
View Real Time Build Order
Export as new Build Order

Armani Zerg - Winner!

Build Orders: Hatch First 

Get SALT Encoding   

  12  0:01  Drone  
  13  0:13  Overlord  
  13  0:18  Drone  
  14  0:32  Drone  
  14  0:33  Drone  
  16  0:48  Hatchery  
  15  0:52  Drone  
  15  0:56  Drone  
  17  0:59  Drone  
  18  1:07  Extractor  
  17  1:15  Spawning Pool  
  17  1:18  Drone  
  17  1:21  Drone  
  18  1:29  Drone  
  19  1:39  Drone  
  20  1:52  Drone  
  21  2:01  Queen  
  21  2:02  Queen  
  21  2:03  Overlord, Drone  
  26  2:08  Metabolic Boost  
  26  2:14  Drone x2  
  28  2:23  Drone  
  28  2:24  Drone  
  30  2:33  Hatchery  
  29  2:37  Drone  
  29  2:39  Drone  
  31  2:46  Queen  
  33  2:52  Baneling Nest  
  33  2:55  Drone  
  33  2:57  Drone  
  34  3:00  Overlord  
  34  3:04  Zergling x2  
  35  3:06  Drone  
  36  3:20  Zergling x6  
  36  3:21  Zergling x2  
  36  3:22  Drone x3  
  43  3:28  Evolution Chamber  
  43  3:29  Overlord  
  43  3:30  Drone  
  43  3:38  Drone  
  44  3:45  Drone  
  44  3:46  Drone x4  
  49  3:49  Drone  
  49  3:53  Drone  
  49  3:54  Drone  
  49  3:55  Zerg Missile Weapons Level 1  
  52  3:57  Zergling x2  
  52  3:58  Overlord  
  52  4:00  Drone  
  54  4:04  Drone  
  54  4:06  Drone  
  55  4:12  Lair  
  55  4:13  Drone  
  55  4:14  Roach Warren  
  55  4:17  Extractor, Baneling  
  54  4:18  Extractor, Drone x2  
  54  4:21  Drone x2  
  57  4:25  Drone x3  
  57  4:27  Drone  
  57  4:29  Drone  
  57  4:30  Drone  
  63  4:33  Overlord  
  62  4:39  Drone  
  62  4:40  Drone x2  
  65  4:47  Overlord  
  65  4:50  Queen  
  65  4:51  Extractor  
  70  5:00  Roach x4  
  70  5:04  Overlord x3  
  70  5:07  Roach x4  
  82  5:17  Extractor  
  82  5:18  Overseer  
  81  5:21  Queen  
  81  5:22  Nydus Network  
  81  5:31  Roach x4  
  81  5:32  Roach  
  91  5:36  Overlord  
  91  5:42  Zergling x22  
  102  5:47  Tunneling Claws  
  102  5:49  Overlord  
  102  5:56  Overlord  
  102  5:57  Roach  
  102  6:00  Nydus Canal  
  103  6:04  Queen x3  
  103  6:06  Roach x2  
  112  6:12  Overlord  
  112  6:15  Roach  
  112  6:16  Nydus Canal  
  112  6:19  Roach  
  112  6:20  Roach  
  112  6:21  Roach x2  
  112  6:22  Roach  
  112  6:24  Roach  
  121  6:27  Roach  
  121  6:30  Roach  
  121  6:31  Roach  
  115  6:41  Spore Crawler x2  
  115  6:42  Spore Crawler  
  115  6:46  Nydus Canal  
  108  6:47  Roach x4  
  108  6:51  Queen  
  107  7:01  Roach x3  
  107  7:02  Roach x3  
  117  7:19  Glial Reconstitution  
  115  7:25  Roach x5  
  115  7:27  Roach  
  121  7:31  Roach  
  121  7:32  Queen x2  
  121  7:33  Queen  
  121  7:35  Roach  
  125  7:40  Nydus Canal  
  125  7:42  Roach  
  125  7:44  Spore Crawler  
  124  7:45  Spore Crawler  
  121  7:53  Roach x2  
  119  8:00  Roach  
  119  8:02  Roach x2  
  125  8:08  Queen x2  
  125  8:11  Spore Crawler  
  125  8:12  Spore Crawler x2  
  119  8:17  Roach  
  117  8:23  Roach x4  
  117  8:26  Roach  
  127  8:27  Ravager  
  128  8:35  Evolution Chamber  
  128  8:38  Ravager  
  128  8:46  Spore Crawler x2  
  126  8:53  Spore Crawler  
  127  8:55  Roach  
  127  8:56  Roach  
  127  8:58  Nydus Canal  
  127  8:59  Roach  
  127  9:01  Overlord x2  
  131  9:06  Extractor  
  130  9:12  Ravager x2  
  132  9:21  Roach  
  134  9:30  Queen x2  
  130  9:43  Roach x2  
  130  9:44  Roach x2  
  132  9:47  Roach x4  
  136  9:57  Roach  
  134  10:05  Roach, Queen  
  126  10:11  Roach  
  128  10:16  Roach  
  128  10:17  Roach  
  128  10:19  Roach  
  132  10:25  Roach  
  134  10:30  Spore Crawler x2  
  134  10:34  Spore Crawler  
  131  10:44  Roach x3  
  131  10:48  Spore Crawler  
  134  11:04  Roach x5  
  142  11:15  Roach  
  142  11:16  Roach  
  142  11:17  Roach  
  146  11:18  Roach  
  146  11:21  Nydus Canal  

Tags
 
Add a new tag
Caveats
  • Supply blocks, unpowered buildings, or Contaminate may cause inaccurate times.
  • Supply counts are checked every 10 seconds.